 Dungeon Crawl Stone Soup version 0.32-a0-132-g2d33c3cfaf (webtiles) character file.

Game seed: 14584405418775768013

85995 CougarLife the Thaumaturge (level 15, -3/117 HPs)
             Began as a Gnoll Earth Elementalist on Feb 10, 2024.
             Was the Champion of Cheibriados.
             Shot with an arrow by a centaur warrior (19 damage)
             ... on level 15 of the Dungeon.
             The game lasted 00:56:15 (29762 turns).

CougarLife the Thaumaturge (GnEE)                  Turns: 29762, Time: 00:56:16

Health: -3/117     AC: 15    Str: 25    XL:     15   Next: 85%
Magic:  14/30      EV: 28    Int: 35    God:    Cheibriados [******]
Gold:   702        SH:  0    Dex: 27    Spells: 20/37 levels left

rFire   . . .        W - staff of earth
rCold   . . .        (no shield)
rNeg    . . .        k - +0 acid dragon scales
rPois   +            X - +1 hat {SInv}
rElec   .            N - +0 cloak
rCorr   +            e - +1 pair of gloves {Stlth+}
SInv    +            K - +0 pair of boots
Will    +....        U - amulet of magic regeneration
Stlth   ++++++       m - +5 ring of evasion
HPRegen 0.39/turn    r - ring of poison resistance
MPRegen 0.62/turn

%: no passive effects
@: marked, animating dead, very slow
A: fangs 1, strong nose, distributed training
a: Renounce Religion, Bend Time, Temporal Distortion, Slouch, Step From Time


You were on level 15 of the Dungeon.
You worshipped Cheibriados.
Cheibriados was exalted by your worship.
You visited 4 branches of the dungeon, and saw 23 of its levels.

You collected 2224 gold pieces.
You spent 1522 gold pieces at shops.

Inventory:

Hand Weapons
 A - a +3 dagger of flaming
Missiles
 b - 2 throwing nets
Armour
 e - a +1 pair of gloves of stealth (worn)
 k - +0 acid dragon scales (worn)
 K - a +0 pair of boots (worn)
 N - a +0 cloak (worn)
 X - a +1 hat of see invisible (worn)
Magical Staves
 W - a staff of earth (weapon)
Jewellery
 f - a +6 ring of intelligence
 h - a ring of willpower
 m - a +5 ring of evasion (left hand)
 r - a ring of poison resistance (right hand)
 u - a ring of magical power
 U - an amulet of magic regeneration (around neck)
 V - a +4 ring of protection
Wands
 z - a wand of flame (39)
 C - a wand of mindburst (19)
 D - a wand of iceblast (22)
 R - a wand of digging (7)
 T - a wand of quicksilver (13)
Scrolls
 a - 3 scrolls of silence
 c - 4 scrolls of enchant armour
 g - 2 scrolls of immolation
 n - 9 scrolls of teleportation
 o - a scroll of revelation
 p - 4 scrolls of fog
 q - 5 scrolls of enchant weapon
 s - 3 scrolls of poison
 t - 2 scrolls of summoning
 v - 4 scrolls of fear
 y - 2 scrolls of identify
 E - 4 scrolls of amnesia
 G - 2 scrolls of vulnerability
 J - a scroll of brand weapon
 O - 2 scrolls of blinking
 S - a scroll of noise
Potions
 d - 3 potions of berserk rage
 i - 7 potions of curing
 j - 3 potions of lignification {unknown}
 l - 3 potions of haste
 w - 6 potions of invisibility
 x - 5 potions of attraction {unknown}
 B - a potion of might {unknown}
 F - 3 potions of enlightenment {unknown}
 H - a potion of cancellation {unknown}
 I - 2 potions of brilliance
 L - a potion of mutation
 M - a potion of heal wounds
 P - 2 potions of ambrosia


   Skills:
 + Level 10.8 Fighting
 + Level 10.8 Short Blades
 + Level 10.8 Long Blades
 + Level 10.8 Axes
 + Level 10.8 Maces & Flails
 + Level 10.8 Polearms
 + Level 10.8 Staves
 + Level 10.8 Ranged Weapons
 + Level 10.8 Throwing
 + Level 10.8 Armour
 + Level 11.7 Dodging
 + Level 11.5 Stealth
 + Level 10.8 Shields
 + Level 10.8 Unarmed Combat
 + Level 11.8 Spellcasting
 + Level 9.3 Conjurations
 + Level 9.1 Hexes
 + Level 9.1 Summonings
 + Level 9.1 Necromancy
 + Level 9.1 Translocations
 + Level 9.1 Fire Magic
 + Level 9.1 Ice Magic
 + Level 9.1 Air Magic
 + Level 10.6 Earth Magic
 + Level 9.1 Alchemy
 + Level 11.7 Invocations
 + Level 10.8 Evocations
 + Level 9.9 Shapeshifting


You had 20 spell levels left.
You knew the following spells:

 Your Spells              Type           Power      Damage    Failure   Level
a - Sandblast             Erth           100%       2d20      1%          1
b - Stone Arrow           Conj/Erth      100%       3d13      1%          3
c - Brom's Barrelling Bo  Conj/Erth      94%        2d10      1%          4
d - Animate Dead          Necr           71%        N/A       1%          4
e - Freezing Cloud        Conj/Ice/Air   35%        6-21      1%          5

Your spell library contained the following spells:

 Spells                   Type           Power      Damage    Failure   Level
 Apportation              Tloc           100%       N/A       1%          1
 Necrotise                Necr           100%       1d9       1%          1
 Shock                    Conj/Air       100%       1d9       1%          1
 Sting                    Conj/Alch      100%       1d9       1%          1
 Summon Small Mammal      Summ           100%       N/A       1%          1
 Jinxbite                 Hex            100%       N/A       1%          2
 Gell's Gravitas          Tloc           71%        N/A       1%          3
 Inner Flame              Hex/Fire       71%        N/A       1%          3
 Passwall                 Erth           97%        N/A       1%          3
 Swiftness                Air            71%        N/A       1%          3
 Teleport Other           Tloc           71%        N/A       1%          3
 Vampiric Draining        Necr           71%        2d11      1%          3
 Volatile Blastmotes      Fire/Tloc      100%       2d18      1%          3
 Airstrike                Air            35%        2d(6-22)  1%          4
 Animate Armour           Summ/Erth      100%       N/A       1%          4
 Fulminant Prism          Conj/Alch      35%        3d17      1%          4
 Iskenderun's Mystic Bla  Conj/Tloc      71%        2d14      1%          4
 Martyr's Knell           Necr/Summ      71%        N/A       1%          4
 Petrify                  Alch/Erth      94%        N/A       1%          4
 Borgnjor's Vile Clutch   Necr/Erth      47%        N/A       1%          5
 Curse of Agony           Necr           71%        N/A       1%          5
 Silence                  Hex/Air        35%        N/A       1%          5
 Death Channel            Necr           35%        N/A       9%          6
 Dispersal                Tloc           35%        N/A       9%          6
 Lehudib's Crystal Spear  Conj/Erth      47%        10d11     95%         8


Dungeon Overview and Level Annotations

Branches:
Dungeon (15/15)            Temple (1/1) D:5            Lair (5/5) D:9
 Shoals (0/4) Lair:2       Spider (0/4) Lair:2        Slime (0/5) Lair:4
    Orc (2/2) D:10            Elf (0/3) Orc:2        Vaults (0/5) D:14
 Depths (0/4) D:15

Altars:
Ashenzari
Cheibriados
Dithmenos
Elyvilon
Fedhas
Gozag
Hepliaklqana
Kikubaaqudgha
Makhleb
Nemelex Xobeh
Okawaru
Qazlal
Ru
Sif Muna
Trog
Uskayaw
Vehumet
Wu Jian
Xom
Yredelemnul
Zin
The Shining One

Shops:
D:2 *   D:7 [   D:10 *   Orc:1 ?   Orc:2 :=?

Portals:
Trove: D:10 (give 16 scrolls of teleportation)

Annotations:
D:4 1 runed translucent door, horus123's ghost, amateur DEEE
D:7 3 runed translucent doors, CougarLife's ghost, novice MfSu
D:10 2 transporters, 3 runed translucent doors


Innate Abilities, Weirdness & Mutations

You have very sharp teeth.
Your uncanny sense of smell can sniff out nearby items.
Your experience applies equally to all skills.


Message History

The arrow hits you but does no damage. The meliai hits you with a +0 hand axe.
The meliai completely misses you.
The tengu warrior is engulfed in freezing vapours. x2
The centaur warrior shoots an arrow.
The arrow completely misses you. The meliai misses you.
The meliai closely misses you.
Casting: Sandblast (safe; 1% risk of failure)
Confirm with . or Enter, or press ? or * to list all spells.
You call upon the dead to rise.
The meliai hits you with a +0 hand axe!
* * * LOW HITPOINT WARNING * * *
The meliai completely misses you.
The tengu warrior is engulfed in freezing vapours.
The occultist howls an incantation.
You feel disoriented.
An orc wizard comes into view.
It is wielding a +2 dagger of electrocution.
An orc knight comes into view. It is wielding a +0 great mace.
The tengu warrior slips past you!
The tengu warrior unwields a +0 arbalest.
The tengu warrior wields a +0 war axe.
The tengu warrior closely misses you.
The tengu warrior pecks you but does no damage.
The tengu warrior claws you but does no damage.
The meliai completely misses you. The meliai misses you.
Casting: Animate Dead (mildly dangerous; 1% risk of failure)
Confirm with . or Enter, or press ? or * to list all spells.
Aiming: Stone Arrow (safe; 1% risk of failure)
Press: ? - help, Shift-Dir - straight line, f - meliai
Aim: a meliai, wielding a +0 hand axe and wearing a +0 leather armour (almost dead, 66% to hit)
You feel a surge of power!
The stone arrow hits the meliai!
You kill the meliai!
Cheibriados thoroughly appreciates the change of pace.
The dead are flying!
The centaur warrior shoots an arrow.
The arrow hits you.
* * * LOW HITPOINT WARNING * * *
The tengu warrior misses you.
The tengu warrior closely misses you. x2
The occultist is engulfed in freezing vapours.
The tengu warrior hits you with a +0 war axe!
* * * LOW HITPOINT WARNING * * *
The tengu warrior hits your meliai zombie with a +0 war axe.
The tengu warrior misses you. The tengu warrior closely misses you.
The centaur warrior shoots an arrow.
The arrow hits you!!
You die...
Cheibriados appreciates the motionlessness of death.

..*,,,,,#.,,*,#...#......,,,****,
..*,,*.#'#,*,,#..........**,***,,
.##,#...#,,,,,#.§§§§..o..**,,,,,,
..#/....#+#####.§§§...#..**,,,,,,
....#..>#...#..§.§§...c..,,,*,,,*
.###.####.#.#...§§§...#,,,,*,,,,,
....#.....#.....§§h§.)#..,**,,,,,
#.....#........Qp).......***,,*,*
#...#.#.........@........**,,,*,*
##...###.......ZQ......!.,,,,,,**
##....##.#..........##...,,,,,,*
#.............#........#.,,**,,**
......^...#...#.#..###..*,*****,,
..........##...##...#**#*,* **,
......##......###...#***,,* *,
..............#,*.....,,,** *,
..........#....,,,*###,,*,** *,


You could see an orc knight, 2 tengu warriors, a centaur warrior, an occultist
(invisible), a warg and a friendly meliai zombie.

Vanquished Creatures
  Gastronok (Orc:1)
  An orc warlord (Orc:1)
  Azrael (Orc:2)
  Snorg (Orc:1)
  An ettin (D:15)
  Josephine (D:11)
  An entropy weaver (shapeshifter) (D:13)
  A fire dragon (D:15)
  Harold (Orc:1)
  A hydra (D:15)
  Erica (Orc:1)
  4 ogre magi (Orc:2)
  2 boulder beetles
  2 centaur warriors
  3 catoblepae (Lair:5)
  12 two-headed ogres
  5 death yaks (Lair:5)
  An orc high priest (Orc:2)
  A vampire mage (D:11)
  2 skysharks (Lair:5)
  Nergalle (Orc:1)
  4 skeletal warriors
  A deep elf archer (D:14)
  2 orc knights
  2 necromancers
  3 ugly things
  3 deep elf pyromancers
  A merfolk siren (Lair:2)
  7 orc sorcerers
  4 cyclopes
  Maurice (D:12)
  4 manticores
  A black mamba (shapeshifter) (D:14)
  2 kobold blastminers (Orc:1)
  3 meliai (D:15)
  3 elephants (Lair:5)
  Joseph (D:7)
  A torpor snail (Lair:4)
  3 black mambas
  10 cane toads
  4 centaur skeletons (D:14)
  A kobold demonologist (D:14)
  5 komodo dragons
  A rime drake (Lair:2)
  2 unseen horrors (D:10)
  4 yaktaurs (D:14)
  2 tengu conjurers
  5 trolls
  A polar bear (Lair:2)
  Grinder (D:5)
  3 merfolk (Lair:2)
  14 dream sheep
  3 blink frogs (Lair:2)
  5 slime creatures (D:14)
  A wyvern (Lair:3)
  8 vampires
  Grum (D:9)
  70 yaks
  7 wraiths
  4 basilisks
  13 wargs
  2 fire elementals (Orc:2)
  4 steam dragons
  2 chaos spawn (D:8)
  13 vampire mosquitoes
  9 water moccasins
  3 acid dragons
  Duvessa (D:6)
  17 orc warriors
  4 hell hounds (Orc:2)
  An elephant zombie (Lair:4)
  3 ice beasts
  14 ogres
  15 wolves
  A centaur (D:13)
  3 komodo dragon zombies (Lair:4)
  6 kobold brigands
  7 bullfrogs
  A gnoll sergeant (D:7)
  4 scorpions
  3 wights (D:8)
  Dowan (D:6)
  21 killer bees
  4 electric eels (Lair:4)
  2 howler monkeys
  A bombardier beetle (D:5)
  8 jellies
  14 orc priests
  A gnoll bouda (Lair:3)
  5 hounds
  A sleepcap (D:8)
  5 iguanas
  22 orc wizards
  5 hell rats (Lair:3)
  8 gnolls
  9 adders
  A shadow imp (D:7)
  3 white imps
  2 dart slugs
  4 ribbon worms
  97 orcs
  8 ball pythons
  9 bats
  18 endoplasms
  12 giant cockroaches
  7 goblins
  7 hobgoblins
  6 jackals
  19 kobolds
  7 quokkas
  3 frilled lizards
  6 orc zombies (Orc:1)
  11 rats
695 creatures vanquished.

Vanquished Creatures (collateral kills)
  An orc priest (D:10)
  An orc (Orc:1)
  5 boulders
7 creatures vanquished.

Vanquished Creatures (others)
  A hydra zombie (D:15)
  An ettin zombie (D:15)
  An elf zombie (D:14)
  A manticore zombie (D:13)
  2 yaktaur zombies (D:14)
  3 kobold zombies
  9 orc zombies (Orc:1)
  6 boulders
24 creatures vanquished.

Grand Total: 726 creatures vanquished

Notes
Turn   | Place    | Note
-------+----------+-------------------------------------------
     0 | D:1      | CougarLife the Gnoll Earth Elementalist began the quest for
                  | the Orb.
     0 | D:1      | Reached XP level 1. HP: 13/13 MP: 6/6
   182 | D:1      | Reached XP level 2. HP: 19/19 MP: 5/7
   653 | D:1      | Reached skill level 5 in Spellcasting
   653 | D:1      | Reached XP level 3. HP: 25/25 MP: 5/9
   812 | D:1      | Found a faded altar of an unknown god.
  1117 | D:2      | Reached skill level 1 in Invocations
  1225 | D:2      | Reached skill level 1 in Fighting
  1225 | D:2      | Reached skill level 1 in Short Blades
  1225 | D:2      | Reached skill level 1 in Long Blades
  1225 | D:2      | Reached skill level 1 in Axes
  1225 | D:2      | Reached skill level 1 in Maces & Flails
  1225 | D:2      | Reached skill level 1 in Polearms
  1225 | D:2      | Reached skill level 1 in Staves
  1225 | D:2      | Reached skill level 1 in Ranged Weapons
  1225 | D:2      | Reached skill level 1 in Throwing
  1225 | D:2      | Reached skill level 1 in Armour
  1225 | D:2      | Reached skill level 1 in Shields
  1225 | D:2      | Reached skill level 1 in Unarmed Combat
  1225 | D:2      | Reached skill level 1 in Evocations
  1325 | D:2      | Reached skill level 1 in Shapeshifting
  1325 | D:2      | Reached XP level 4. HP: 32/32 MP: 7/11
  1375 | D:2      | Found Vukot's Assorted Antiques.
  1791 | D:2      | Reached skill level 1 in Hexes
  1791 | D:2      | Reached skill level 1 in Summonings
  1791 | D:2      | Reached skill level 1 in Necromancy
  1791 | D:2      | Reached skill level 1 in Translocations
  1791 | D:2      | Reached skill level 1 in Fire Magic
  1791 | D:2      | Reached skill level 1 in Ice Magic
  1791 | D:2      | Reached skill level 1 in Air Magic
  1791 | D:2      | Reached skill level 1 in Alchemy
  2439 | D:3      | Reached XP level 5. HP: 27/37 MP: 6/12
  3084 | D:3      | Learned a level 3 spell: Stone Arrow
  3219 | D:4      | Found a runed translucent door.
  3219 | D:4      | Noticed horus123's ghost (amateur DEEE)
  3248 | D:4      | Found a hazy altar of Hepliaklqana.
  3279 | D:4      | Reached XP level 6. HP: 19/44 MP: 3/13
  3830 | D:4      | Reached skill level 5 in Dodging
  4262 | D:5      | Entered Level 5 of the Dungeon
  4270 | D:5      | Reached XP level 7. HP: 39/50 MP: 10/15
  4415 | D:5      | Noticed Grinder
  4422 | D:5      | Paralysed by Grinder for 4 turns
  4431 | D:5      | Killed Grinder
  4432 | D:5      | Reached skill level 5 in Stealth
  4865 | D:5      | Found a staircase to the Ecumenical Temple.
  4884 | Temple   | Entered the Ecumenical Temple
  4899 | Temple   | Became a worshipper of Cheibriados the Contemplative
  4950 | D:5      | Noticed a two-headed ogre
  4956 | D:5      | Killed a two-headed ogre
  4957 | D:5      | Reached XP level 8. HP: 22/59 MP: 6/17
  5186 | D:5      | Found a glowing silver altar of Zin.
  5186 | D:5      | Found a sacrificial altar of Ru.
  5240 | D:5      | Found an ancient bone altar of Kikubaaqudgha.
  5246 | D:5      | Found an iron altar of Okawaru.
  5253 | D:5      | Found an ornate altar of the Wu Jian Council.
  5261 | D:5      | Found a radiant altar of Vehumet.
  5435 | D:5      | Found a shimmering blue altar of Sif Muna.
  5796 | D:6      | Reached XP level 9. HP: 65/65 MP: 15/18
  6232 | D:6      | Reached * piety under Cheibriados
  6436 | D:6      | Noticed Duvessa
  6440 | D:6      | Noticed Dowan
  6443 | D:6      | Killed Duvessa
  6447 | D:6      | Killed Dowan
  6904 | D:7      | Found a shimmering altar of Xom.
  6905 | D:7      | Noticed Joseph
  6911 | D:7      | Killed Joseph
  6912 | D:7      | Reached skill level 5 in Invocations
  7347 | D:7      | Found Keginumn's Armour Shop.
  7431 | D:7      | Found a runed translucent gate.
  7432 | D:7      | Noticed CougarLife's ghost (novice MfSu)
  7433 | D:7      | Found a runed translucent gate.
  7434 | D:7      | Found a runed translucent gate.
  7435 | D:7      | Noticed a kobold demonologist
  7655 | D:7      | Reached ** piety under Cheibriados
  8016 | D:8      | Reached skill level 5 in Fighting
  8016 | D:8      | Reached skill level 5 in Short Blades
  8016 | D:8      | Reached skill level 5 in Long Blades
  8016 | D:8      | Reached skill level 5 in Axes
  8016 | D:8      | Reached skill level 5 in Maces & Flails
  8016 | D:8      | Reached skill level 5 in Polearms
  8016 | D:8      | Reached skill level 5 in Staves
  8016 | D:8      | Reached skill level 5 in Ranged Weapons
  8016 | D:8      | Reached skill level 5 in Throwing
  8016 | D:8      | Reached skill level 5 in Armour
  8016 | D:8      | Reached skill level 5 in Shields
  8016 | D:8      | Reached skill level 5 in Unarmed Combat
  8016 | D:8      | Reached skill level 5 in Evocations
  8016 | D:8      | Reached XP level 10. HP: 46/74 MP: 15/20
  8477 | D:8      | Found a shimmering altar of Xom.
  8505 | D:8      | Found the +7 mace of Variability {chaos, chaos arc}
  8696 | D:8      | Reached *** piety under Cheibriados
  8903 | D:8      | Found a hide-covered altar of Uskayaw.
  9071 | D:8      | Reached skill level 5 in Conjurations
  9338 | D:9      | Reached skill level 5 in Shapeshifting
  9354 | D:9      | Noticed a two-headed ogre
  9357 | D:9      | Killed a two-headed ogre
  9383 | D:9      | Found a staircase to the Lair.
  9609 | D:9      | Reached skill level 5 in Hexes
  9609 | D:9      | Reached skill level 5 in Summonings
  9609 | D:9      | Reached skill level 5 in Necromancy
  9609 | D:9      | Reached skill level 5 in Translocations
  9609 | D:9      | Reached skill level 5 in Fire Magic
  9609 | D:9      | Reached skill level 5 in Ice Magic
  9609 | D:9      | Reached skill level 5 in Air Magic
  9609 | D:9      | Reached skill level 5 in Alchemy
  9614 | D:9      | Reached XP level 11. HP: 71/81 MP: 14/22
  9617 | D:9      | Reached **** piety under Cheibriados
  9701 | D:9      | Found a broken altar of Ashenzari.
 10223 | D:9      | Reached ***** piety under Cheibriados
 10231 | D:9      | Learned a level 4 spell: Brom's Barrelling Boulder
 10256 | D:9      | Noticed Grum
 10261 | D:9      | Killed Grum
 10622 | D:10     | Entered Level 10 of the Dungeon
 10830 | D:10     | Found a staircase to the Orcish Mines.
 11112 | D:10     | Found a portal to a secret trove of treasure.
 11315 | D:10     | Found Lolesat's General Store.
 11412 | D:10     | Bought a +1 pair of gloves of stealth for 198 gold pieces
 11472 | D:10     | Found a transporter.
 11528 | D:10     | Found a transporter.
 11564 | D:10     | Found a runed translucent gate.
 11564 | D:10     | Found a runed translucent gate.
 11564 | D:10     | Found a runed translucent gate.
 11566 | D:10     | Noticed a cyan ugly thing
 11566 | D:10     | Noticed a white ugly thing
 11572 | D:10     | Noticed a brown ugly thing
 11572 | D:10     | Noticed a white ugly thing
 11574 | D:10     | a rime drake changed into a faun
 11574 | D:10     | Noticed a faun (glowing shapeshifter)
 11575 | D:10     | a faun changed into a glowing orange brain
 11575 | D:10     | Noticed a glowing orange brain (glowing shapeshifter)
 11577 | D:10     | a glowing orange brain changed into a deep troll
 11577 | D:10     | Noticed a deep troll (glowing shapeshifter)
 11577 | D:10     | a deep troll changed into a glowing orange brain
 11577 | D:10     | Noticed a glowing orange brain (glowing shapeshifter)
 11578 | D:10     | a glowing orange brain changed into a skyshark
 11578 | D:10     | Noticed a skyshark (glowing shapeshifter)
 11711 | D:11     | Noticed a two-headed ogre
 11718 | D:11     | Killed a two-headed ogre
 12461 | D:11     | Found a basalt altar of Yredelemnul.
 12461 | D:11     | Noticed a vampire mage
 12638 | D:11     | Identified the +0 robe of a treasure trove {Rampage}
 12760 | D:11     | Noticed Josephine
 12774 | D:11     | Reached XP level 12. HP: 82/91 MP: 17/24
 12792 | D:11     | Killed Josephine
 12811 | D:11     | Noticed a two-headed ogre
 13033 | D:11     | Killed a two-headed ogre
 13603 | D:12     | Noticed a centaur warrior
 13607 | D:12     | Killed a centaur warrior
 14024 | D:12     | Noticed Maurice
 14030 | D:12     | Killed Maurice
 14473 | D:13     | Noticed a centaur warrior
 14550 | Lair:1   | Entered Level 1 of the Lair of Beasts
 14845 | Lair:1   | Reached ****** piety under Cheibriados
 15733 | Lair:2   | Reached XP level 13. HP: 98/98 MP: 22/26
 16095 | Lair:2   | Found a staircase to the Shoals.
 16742 | Lair:2   | Found a hole to the Spider Nest.
 18090 | Lair:4   | Reached skill level 10 in Spellcasting
 18769 | Lair:4   | Found a staircase to the Slime Pits.
 19559 | Lair:5   | Entered Level 5 of the Lair of Beasts
 19570 | Lair:5   | Reached skill level 10 in Dodging
 20237 | Lair:5   | Reached skill level 10 in Stealth
 20587 | Lair:5   | Found a glowing golden altar of the Shining One.
 20839 | Lair:5   | Reached skill level 10 in Invocations
 20839 | Lair:5   | Reached XP level 14. HP: 93/108 MP: 16/28
 21379 | Lair:5   | Identified the +6 orcbow of a Gauntlet {antimagic, Int+3
                  | SInv}
 22613 | Orc:1    | Entered Level 1 of the Orcish Mines
 22662 | Orc:1    | Noticed Gastronok
 22673 | Orc:1    | Killed Gastronok
 22757 | Orc:1    | Noticed Nergalle
 22765 | Orc:1    | Killed Nergalle
 22873 | Orc:2    | Entered Level 2 of the Orcish Mines
 23132 | Orc:2    | Paralysed by an orc sorcerer for 3 turns
 23318 | Orc:2    | Noticed Azrael
 23328 | Orc:2    | Killed Azrael
 24043 | Orc:2    | Reached skill level 10 in Earth Magic
 24162 | Orc:2    | Reached skill level 10 in Fighting
 24162 | Orc:2    | Reached skill level 10 in Short Blades
 24162 | Orc:2    | Reached skill level 10 in Long Blades
 24162 | Orc:2    | Reached skill level 10 in Axes
 24162 | Orc:2    | Reached skill level 10 in Maces & Flails
 24162 | Orc:2    | Reached skill level 10 in Polearms
 24162 | Orc:2    | Reached skill level 10 in Staves
 24162 | Orc:2    | Reached skill level 10 in Ranged Weapons
 24162 | Orc:2    | Reached skill level 10 in Throwing
 24162 | Orc:2    | Reached skill level 10 in Armour
 24162 | Orc:2    | Reached skill level 10 in Shields
 24162 | Orc:2    | Reached skill level 10 in Unarmed Combat
 24162 | Orc:2    | Reached skill level 10 in Evocations
 24496 | Orc:2    | Found Cowulaci's Magic Scroll Emporium.
 24507 | Orc:2    | Found Humpep's Jewellery Shoppe.
 24526 | Orc:2    | Bought a scroll of identify for 34 gold pieces
 24526 | Orc:2    | Bought a scroll of identify for 34 gold pieces
 24526 | Orc:2    | Bought a scroll of identify for 34 gold pieces
 24526 | Orc:2    | Bought a scroll of identify for 34 gold pieces
 24632 | Orc:2    | Reached XP level 15. HP: 115/115 MP: 28/30
 24637 | Orc:2    | Found a staircase to the Elven Halls.
 24923 | Orc:2    | Found Nauff's Book Shoppe.
 24979 | Orc:2    | Bought Ekhlef's Octavo of the Beguiling Winter for 570 gold
                  | pieces
 24979 | Orc:2    | Bought a book of Unlife for 540 gold pieces
 24984 | Orc:2    | Learned a level 4 spell: Animate Dead
 24990 | Orc:2    | Learned a level 5 spell: Freezing Cloud
 25287 | Orc:1    | Noticed Erica
 25292 | Orc:1    | Killed Erica
 25417 | Orc:1    | Noticed Snorg
 25428 | Orc:1    | Killed Snorg
 25560 | Orc:1    | Found Neasm's Magic Scroll Boutique.
 25707 | Orc:1    | Bought a scroll of identify for 26 gold pieces
 25707 | Orc:1    | Bought a scroll of amnesia for 52 gold pieces
 25801 | Orc:1    | Noticed Harold
 25807 | Orc:1    | Killed Harold
 26410 | Orc:1    | Noticed an orc warlord
 26425 | Orc:1    | Killed an orc warlord
 27081 | D:11     | Identified the +3 orcbow "Jashrikatu" {elec, Will++ Dex+5}
 28526 | D:14     | You fall into a shaft and drop 1 floor!
 28526 | D:15     | Entered Level 15 of the Dungeon
 29046 | D:14     | Found a gate to the Vaults.
 29349 | D:14     | Identified the +3 chain mail of Leapfrog {*Slow +Blink
                  | rPois}
 29762 | D:15     | Shot with an arrow by a centaur warrior

Illustrated notes

Levels and vault maps discovered:
D:1:      scummos_arrival_hexagon, layout_basic,
          hellmonk_ecumenical_altar_leap_of_faith, minivault_14
D:2:      layout_loops_ring, serial_shops, shop_coins, st_stairs_6,
          hangedman_abyss_or_decor_lesser_grid, chequers_serial_rivers_room_b,
          minmay_3d_cube
D:3:      layout_loops_corners
D:4:      layout_cave_pods, nicolae_hepliaklqana_hazy_memory,
          hellmonk_ghost_happy_afterlife
D:5:      layout_loops_ring, grunt_temple_overflow_octagram,
          minmay_temple_entry_antechambers, uniq_grinder
D:6:      layout_rooms, uniq_duvessa
D:7:      layout_basic, xom_teletrap_fun, gammafunk_ghost_nasty_kobolds,
          serial_shops, nicolae_shop_tiny_waterfront, minivault_22, uniq_joseph
D:8:      layout_cave_pools, mainiacjoe_overflow_cross_hatched,
          minmay_guarded_unrand_variability
D:9:      layout_loops_cross, mainiacjoe_overflow_alcove_1, lair_entry_dummy,
          uniq_grum
D:10:     gammafunk_cloud_chamber, layout_basic, minmay_orc_entry_temple_small,
          enter_trove_2, ploomutoo_gammafunk_ghost_potion_laboratory,
          serial_shops, shop
D:11:     layout_small_grid, nicolae_nh_vlads_tower, uniq_josephine
D:12:     layout_loops_ring, amcnicky_mini_pool_small, uniq_maurice
D:13:     layout_basic
D:14:     layout_cave_pools, hangedman_vaults_entry_quadrant_bands,
          hangedman_decor_riveting, solitary_fountain
D:15:     hangedman_depths_entry_civil_slaughter, layout_layer_cave,
          minmay_tree_intersection, minmay_crystal_water
Temple:   jpeg_temple_clearing
Lair:1:   layout_loops_ring, st_stairs_4, infiniplex_staircase_pool_2
Lair:2:   layout_regular_city, elwin_shoals_entry_stream,
          spider_nest_entry_web_field, grunt_forest_stairs_basic,
          lemuel_fruit_fields
Lair:3:   layout_chaotic_city, dreamdust_gnoll_shepherd
Lair:4:   pond_and_an_island_with_a_cottage, layout_hall_layers,
          nicolae_slime_entry_slimehenge, minivault_11,
          cheibrodos_lair_caveside_slide
Lair:5:   evilmike_catoblepas_cave, layout_cave_pods, basic_altar,
          grunt_megastairs_2
Orc:1:    layout_caves, serial_shops, nicolae_shop_advertising_works
          [nicolae_subvault_shop_adworks], minmay_orc_barracks, uniq_snorg,
          uniq_erica, uniq_nergalle, uniq_harold, uniq_gastronok
Orc:2:    st_orc_town, layout_diamond_mine, minmay_orc_temple_c, uniq_azrael

Skill      XL: |  1  2  3  4  5  6  7  8  9 10 11 12 13 14 15 |
---------------+----------------------------------------------+-----
Conjurations   | 2 3 4 5 6 7 8 9 |  9.3
Spellcasting   | 5 6 7 8 9 10 11 | 11.8
Invocations    | 1 2 4 5 6 7 8 10 11 | 11.7
Fighting       | 1 2 3 5 6 7 8 9 10 | 10.8
Short Blades   | 1 2 3 5 6 7 8 9 10 | 10.8
Long Blades    | 1 2 3 5 6 7 8 9 10 | 10.8
Axes           | 1 2 3 5 6 7 8 9 10 | 10.8
Maces & Flails | 1 2 3 5 6 7 8 9 10 | 10.8
Polearms       | 1 2 3 5 6 7 8 9 10 | 10.8
Staves         | 1 2 3 5 6 7 8 9 10 | 10.8
Ranged Weapons | 1 2 3 5 6 7 8 9 10 | 10.8
Throwing       | 1 2 3 5 6 7 8 9 10 | 10.8
Armour         | 1 2 3 5 6 7 8 9 10 | 10.8
Shields        | 1 2 3 5 6 7 8 9 10 | 10.8
Unarmed Combat | 1 2 3 5 6 7 8 9 10 | 10.8
Evocations     | 1 2 3 5 6 7 8 9 10 | 10.8
Shapeshifting  | 1 2 3 4 5 6 7 8 9 |  9.9
Hexes          | 1 2 3 4 5 6 7 8 9 |  9.1
Summonings     | 1 2 3 4 5 6 7 8 9 |  9.1
Necromancy     | 1 2 3 4 5 6 7 8 9 |  9.1
Translocations | 1 2 3 4 5 6 7 8 9 |  9.1
Fire Magic     | 1 2 3 4 5 6 7 8 9 |  9.1
Ice Magic      | 1 2 3 4 5 6 7 8 9 |  9.1
Air Magic      | 1 2 3 4 5 6 7 8 9 |  9.1
Alchemy        | 1 2 3 4 5 6 7 8 9 |  9.1
Dodging        | 5 6 7 8 9 10 11 | 11.7
Stealth        | 5 6 7 8 9 10 11 | 11.5
Earth Magic    | 6 7 8 9 10 | 10.6

Action                     |  1- 3 |  4- 6 |  7- 9 | 10-12 | 13-15 || total
---------------------------+-------+-------+-------+-------+-------++-------
  Melee: Unarmed           |     2 |       |       |       |       ||     2
         Dagger            |       |     4 |     7 |    47 |     2 ||    60
         Punch             |       |     1 |       |     3 |     1 ||     5
         Bite              |       |       |       |     4 |     2 ||     6
         Staff             |       |       |       |       |    22 ||    22
   Cast: Sandblast         |    51 |   107 |   125 |   356 |   463 ||  1102
         Stone Arrow       |       |     3 |    14 |    54 |   365 ||   436
         Brom's Barrelling |       |       |       |    11 |    11 ||    22
         Freezing Cloud    |       |       |       |       |    50 ||    50
         Animate Dead      |       |       |       |       |    11 ||    11
 Invoke: Slouch            |       |       |       |       |     2 ||     2
    Use: Potion            |       |       |     1 |     3 |     3 ||     7
         Scroll            |       |       |       |    10 |    13 ||    23
   Stab: Sleeping          |     1 |     1 |       |       |       ||     2
 Armour: Robe              |     5 |    25 |    63 |    74 |       ||   167
         Steam dragon scal |       |       |       |   118 |       ||   118
         Acid dragon scale |       |       |       |    28 |   407 ||   435
  Dodge: Dodged            |    10 |    19 |    54 |   584 |  1213 ||  1880

Table legend: (Time is in decaauts)
 A = Elapsed time spent in this place.
 B = Non-inter-level travel time spent in this place.
 C = Inter-level travel time spent in this place.
 D = Time resting spent in this place.
 E = Time spent auto-exploring this place.
 F = Levels seen in this place.
 G = Mean time per level.
                   A        B        C        D        E       F      G
               +--------+--------+--------+--------+--------+-----+--------+
         Total |  40939 |  38691 |   2248 |   8220 |  24076 |  23 | 1780.0 |
       Dungeon |  22823 |  21332 |   1491 |   3939 |  14105 |  15 | 1521.5 |
        Temple |     34 |     17 |     17 |      0 |      0 |   1 |   34.0 |
          Lair |  12170 |  11744 |    426 |   2467 |   7558 |   5 | 2434.0 |
  Orcish Mines |   5911 |   5599 |    312 |   1813 |   2412 |   2 | 2955.5 |
               +--------+--------+--------+--------+--------+-----+--------+

Top non-repeatable levels by time:
  Lair:5: 4038 daAuts
   Orc:2: 3308 daAuts
    D:11: 3012 daAuts
   Orc:1: 2602 daAuts
  Lair:4: 2175 daAuts
  Lair:3: 2069 daAuts
    D:10: 1975 daAuts
  Lair:2: 1971 daAuts
     D:9: 1920 daAuts
  Lair:1: 1916 daAuts
     D:7: 1891 daAuts
    D:13: 1888 daAuts
    D:14: 1658 daAuts
    D:12: 1628 daAuts
     D:5: 1601 daAuts
